 Dungeon Crawl Stone Soup version 0.27.1-2-g3b301248ec (webtiles) character file.

Game seed: 12992623782572399408

18 vvl the Ruffian (level 2, -7/23 HPs)
             Began as a Draconian Transmuter on Sept 27, 2021.
             Killed from afar by Natasha (8 damage)
             ... with a magic dart
             ... on level 2 of the Dungeon.
             The game lasted 00:01:36 (1383 turns).

vvl the Ruffian (Draconian Transmuter)              Turns: 1383, Time: 00:01:38

Health: -7/23      AC:  4    Str: 12    XL:     2   Next: 48%
Magic:  4/5        EV: 12    Int: 13    God:
Gold:   38         SH:  0    Dex: 11    Spells: 4/5 levels left

rFire    . . .     SeeInvis .     - Unarmed
rCold    . . .     Faith    .   (no shield)
rNeg     . . .     Spirit   .   (armour unavailable)
rPois    .         Reflect  .   (helmet currently unavailable)
rElec    .         Harm     .   (no cloak)
rCorr    .         Rampage  .   (no gloves)
Will     .....                  (boots currently unavailable)
Stlth    +.........             (no amulet)
HPRegen  0.07/turn              (no ring)
MPRegen  0.09/turn              (no ring)

@: appendages
A: horns 2, talons 2, AC +4, unfitting armour, cold-blooded
a: End Transformation


You were on level 2 of the Dungeon.
You had temporarily grown beastly horns and talons.
You visited 1 branch of the dungeon, and saw 2 of its levels.

You collected 38 gold pieces.

Inventory:

Scrolls
 a - 2 scrolls of identify {unknown}
 d - a scroll of acquirement {unknown}
Potions
 b - a potion of lignification {unknown}
 c - a potion of attraction {unknown}


   Skills:
 + Level 1.4 Fighting
 + Level 2.0 Dodging
 + Level 3.1 Unarmed Combat
 + Level 2.1 Spellcasting
 * Level 2.4 Transmutations


You had 4 spell levels left.
You knew the following spells:

 Your Spells              Type           Power      Damage    Failure   Level
a - Beastly Appendage     Tmut           14%        N/A       10%         1

Your spell library contained the following spells:

 Spells                   Type           Power      Damage    Failure   Level
 Wereblood                Tmut           7%         N/A       14%         2
 Pain                     Necr           4%         1d4       26%         1
 Spider Form              Tmut/Pois      2%         N/A       43%         3
 Ice Form                 Ice/Tmut       4%         N/A       83%         4
 Agony                    Necr           1%         N/A       100%        5
 Excruciating Wounds      Necr           0%         N/A       100%        5


Dungeon Overview and Level Annotations

Branches:
Dungeon (2/15)

Altars:

Annotations:
D:2 Natasha


Innate Abilities, Weirdness & Mutations

You have temporarily grown beastly horns and talons.
Your plain brown scales are hard. (AC +4)
You cannot fit into any form of body armour.
You are cold-blooded and may be slowed by cold attacks.


Message History

A rat is nearby!
A rat is nearby!
Natasha, Servant of Life and Death comes into view.
Natasha mumbles some strange words.
Natasha's front paws start to glow.
Found a glowing blue potion.
Found a mace.
A hobgoblin comes into view.
Found 15 gold pieces and 16 bolts.
The rat barely misses you.
You closely miss the rat.
The hobgoblin shouts!
The rat barely misses you.
Natasha mumbles some strange words.
Natasha's front paws start to glow.
Natasha drinks a potion.
Natasha seems to grow stronger.
You hit the rat.
You kill the rat!
A bat comes into view.
The bat moves out of view.
You barely miss Natasha. Natasha misses you.
You completely miss Natasha.
Your tail-slap misses Natasha.
Natasha misses you.
The hobgoblin hits you but does no damage.
You grow a pair of large bovine horns.
Your feet morph into talons.
Natasha claws you! The hobgoblin closely misses you. The hobgoblin hits you.
Natasha claws you!
* * * LOW HITPOINT WARNING * * *
You hit Natasha but do no damage. You claw Natasha.
You tail-slap Natasha, but do no damage.
Natasha is heavily wounded.
You hit Natasha but do no damage.
Your tail-slap misses Natasha.
Natasha is heavily wounded.
Natasha mumbles some strange words.
You hit Natasha but do no damage.
Your tail-slap misses Natasha.
Natasha is heavily wounded.
Natasha howls an incantation.
Natasha shimmers violently.
Natasha casts a spell at you. The magic dart hits you!
You die...

## ## ( . .##
# .##$. #.
#=$# #
#.)###†# #..
#...@hg###....
#...##5.......
#............#
##!###.#.##.##
#.###.#.# #
###.....#.#
........# #
#######.# #.#


You could see Natasha (strong), a crimson imp (summoned) and a hobgoblin.

Vanquished Creatures
  A dart slug (D:1)
  3 ball pythons
  4 bats
  An endoplasm (D:1)
  A goblin (D:1)
  A quokka (D:1)
  3 frilled lizards (D:1)
  3 rats
17 creatures vanquished.

Notes
Turn   | Place    | Note
-------+----------+-------------------------------------------
     0 | D:1      | vvl the Draconian Transmuter began the quest for the Orb.
     0 | D:1      | Reached XP level 1. HP: 16/16 MP: 3/3
   240 | D:1      | Reached XP level 2. HP: 18/23 MP: 5/5
  1370 | D:2      | Noticed Natasha
  1380 | D:2      | HP: 1/23 [Natasha (11)]
  1383 | D:2      | Noticed a crimson imp
  1383 | D:2      | Killed from afar by Natasha

Illustrated notes

Levels and vault maps discovered:
D:1:      kennysheep_arrival_seaside, layout_basic
D:2:      layout_loops_ring, minmay_heptomino_o4, uniq_natasha

Skill      XL: |  1  2 |
---------------+-------+-----
Dodging        | 2 |  2.0
Fighting       | |  1.4
Unarmed Combat | |  3.1
Spellcasting   | |  2.1
Transmutations | |  2.4

Action                   || total
-------------------------++-------
Melee: Unarmed           ||    66
       Tailslap          ||     3
       Kick              ||     1
 Cast: Beastly Appendage ||     1
Armor: Skin              ||    20
Dodge: Dodged            ||    46
